 Dungeon Sprint DCSS version 0.18.1-50-g88ac8fd (webtiles) character file.

359 Inkary the Grappler (level 6, -31/68 HPs)
             Began as a Troll Berserker on Sept 18, 2016.
             Was an Elder of Trog.
             Annihilated by a hill giant
             ... wielding a +0 giant spiked club
              (36 damage)
             ... in the Dungeon (Sprint IX: "|||||||||||||||||||||||||||||").
             The game lasted 00:01:04 (138 turns).

Inkary the Grappler (Troll Berserker)                Turns: 138, Time: 00:01:04

Health: -31/68     AC:  5    Str: 26    XL:     6   Next: 37%
Magic:  5/5        EV: 13    Int:  3    God:    Trog [****..]
Gold:   0          SH:  0    Dex: 14    Spells: 0 memorised, 5 levels left

rFire  . . .     SeeInvis .       - Unarmed
rCold  . . .     Gourm    +     a - +0 animal skin
rNeg   . . .     Faith    .     (no shield)
rPois  .         Spirit   .     (helmet restricted)
rElec  .         Dismiss  .     (no cloak)
rCorr  .         Reflect  .     (gloves unavailable)
SustAt .         Harm     .     (boots unavailable)
MR     ++...     NoTele   +     (no amulet)
Stlth  +.........               (no ring)
                                p - +3 ring of dexterity

@: exhausted, regenerating, slowed, very slow, very resistant to hostile
enchantments, very unstealthy
A: unfitting armour, claws 3, fast metabolism 3, gourmand, regeneration 2,
shaggy fur 1, tough skin 2
a: Berserk, Trog's Hand, Brothers in Arms, Burn Spellbooks, Renounce Religion


You were in the Dungeon.
You worshipped Trog.
Trog was greatly pleased with you.
You were not hungry.

You visited 1 branch

Inventory:

Armour
 a - a +0 animal skin (worn)
Jewellery
 p - a +3 ring of dexterity (left claw)
Scrolls
 h - 2 scrolls of blinking
 k - 3 scrolls of remove curse
Potions
 c - 5 potions of curing
 d - 3 potions of heal wounds
 e - a potion of haste
 f - 4 potions of magic
 g - a potion of berserk rage
 j - a potion of invisibility
Comestibles
 b - 2 bread rations
 i - 5 chunks of flesh


   Skills:
 + Level 6.3 Fighting
 + Level 6.2 Dodging
 * Level 10.0 Unarmed Combat


You had 5 spell levels left.
You didn't know any spells.

Dungeon Overview and Level Annotations

Branches:
Dungeon (1/1)

Altars:
Cheibriados
Dithmenos
Elyvilon
Fedhas
Gozag
Kikubaaqudgha
Makhleb
Nemelex Xobeh
Okawaru
Pakellas
Qazlal
Ru
Sif Muna
Trog
Vehumet
Xom
Yredelemnul
Zin
The Shining One
Beogh
Jiyva
Lugonu


Innate Abilities, Weirdness & Mutations

You are too large for most types of armour.
You have claws for hands.
Your metabolism is lightning-fast.
You like to eat raw meat.
You heal very quickly.
You are covered in fur (AC +1).
You have very tough skin (AC +2).


Message History

Your base attributes are Str 25, Int 3, Dex 10.
Increase (S)trength, (I)ntelligence, or (D)exterity?
You feel agile.
You feel stronger.
The hill giant hits you with a giant spiked club!!
* * * LOW HITPOINT WARNING * * *
You see here a troll corpse.
You claw the hill giant!
The hill giant is moderately wounded.
You are no longer berserk.
You are exhausted.
You feel yourself slow down.
You claw the hill giant! Your claw misses the hill giant.
The hill giant is heavily wounded.
The hill giant completely misses you.
Your skin crawls.
You feel resistant to hostile enchantments.
You feel slightly more hungry.
The hill giant hits you with a giant spiked club!!!
Ouch! That really hurt!
You die... ▓▓▓▓▓▓▓▓▓▓▓▓▓▓▓▓▓▓▓▓▓▓ +...C@)'.[[..)|?.'____ ▓▓▓▓▓▓▓▓▓▓▓▓▓▓▓▓▓▓▓▓▓▓

You could see a hill giant.

Vanquished Creatures
  A troll (D)
  A howler monkey (D)
  A crimson imp (D)
  A hound (D)
  A jelly (D)
  An adder skeleton (D)
  A worm (D)
  A giant gecko (D)
  An orc (D)
  A giant cockroach (D)
  A hobgoblin (D)
  2 kobolds (D)
  A quokka zombie (D)
  A rat (D)
15 creatures vanquished.

Notes
Turn   | Place    | Note
--------------------------------------------------------------
     0 | D        | Inkary the Troll Berserker began the quest for the Orb.
     0 | D        | Reached XP level 1. HP: 22/22 MP: 0/0
    10 | D        | Reached ** piety under Trog
    22 | D        | Noticed a hound
    22 | D        | Noticed a jelly
    25 | D        | Killed a jelly
    25 | D        | Reached *** piety under Trog
    25 | D        | Reached skill level 5 in Unarmed Combat
    25 | D        | Reached XP level 2. HP: 29/32 MP: 1/1
    25 | D        | Reached XP level 3. HP: 36/39 MP: 2/2
    32 | D        | Reached skill level 6 in Unarmed Combat
    32 | D        | Reached XP level 4. HP: 35/48 MP: 3/3
    49 | D        | Found a glowing silver altar of Zin.
    49 | D        | Found a glowing golden altar of the Shining One.
    49 | D        | Found an ancient bone altar of Kikubaaqudgha.
    49 | D        | Found a basalt altar of Yredelemnul.
    49 | D        | Found a shimmering altar of Xom.
    49 | D        | Found a radiant altar of Vehumet.
    50 | D        | Found an iron altar of Okawaru.
    51 | D        | Found a burning altar of Makhleb.
    52 | D        | Found a deep blue altar of Sif Muna.
    53 | D        | Found a bloodstained altar of Trog.
    54 | D        | Found a sparkling altar of Nemelex Xobeh.
    55 | D        | Found a white marble altar of Elyvilon.
    56 | D        | Found a roughly hewn altar of Beogh.
    57 | D        | Found a viscous altar of Jiyva.
    58 | D        | Found a corrupted altar of Lugonu.
    59 | D        | Found a blossoming altar of Fedhas.
    60 | D        | Found a snail-covered altar of Cheibriados.
    61 | D        | Found a shadowy altar of Dithmenos.
    62 | D        | Found a stormy altar of Qazlal.
    63 | D        | Found an opulent altar of Gozag.
    64 | D        | Found a sacrificial altar of Ru.
    65 | D        | Found an oddly glowing altar of Pakellas.
   110 | D        | Noticed a hill giant
   110 | D        | Noticed a troll
   114 | D        | Reached **** piety under Trog
   119 | D        | Reached skill level 7 in Unarmed Combat
   125 | D        | Reached skill level 5 in Fighting
   125 | D        | Reached XP level 5. HP: 57/57 MP: 4/4
   134 | D        | Killed a troll
   134 | D        | Reached ***** piety under Trog
   134 | D        | Reached skill level 10 in Unarmed Combat
   134 | D        | Reached XP level 6. HP: 24/68 MP: 5/5
   135 | D        | HP: 3/102 [hill giant/giant spiked club (22)]
   138 | D        | Annihilated by a hill giant

Skill      XL: |  1  2  3  4  5 |
---------------+----------------+-----
Fighting       | 3 4 5 6 |  6.3
Dodging        | 3 4 6 |  6.2
Unarmed Combat | 5 6 7 10 | 10.0

Action                   |  1- 3 |  4- 6 || total
-------------------------+-------+-------++-------
Melee: Unarmed           |    17 |    25 ||    42
       Punch             |     1 |       ||     1
Invok: Trog's Hand       |       |     2 ||     2
       Berserk           |       |     1 ||     1
 Stab: Distracted        |     1 |       ||     1
Armor: Animal skin       |     4 |     3 ||     7
Dodge: Dodged            |     4 |     8 ||    12
